TOP OF THE 1ST |
Milwaukee Brewers batting - Pitching for Cincinnati Reds : LHP Jeff Baker
|
Pitching: LHP Jeff Baker
|
|
Batting: RHB Akitada Nishizawa
|
0-0: Called Strike 0-1: Ball 1-1: Foul Ball, location: 2F 1-2: Ball 2-2: Strikes out swinging
|
Batting: RHB Daniel Donovan
|
0-0: Ball 1-0: SOLO HOME RUN (Flyball, 89XD, EV 100.0 MPH), Distance : 389 ft
|
Batting: RHB Adriaan Pieters
|
0-0: Called Strike 0-1: Ball 1-1: Ball 2-1: DOUBLE (Groundball, 3L, EV 100.6 MPH)
|
Batting: RHB Adrian Rudkilde
|
0-0: Fly out, F8 (Flyball, 89XD, EV 103.8 MPH)
|
Batting: RHB Yuichi Matsuoka
|
0-0: SINGLE (Groundball, 6MD, EV 100.0 MPH) Adriaan Pieters to third Runner from 3rd tries for Home, throw by CF and OUT! 8-2
|
Top of the 1st over - 1 run, 3 hits, 0 errors, 1 left on base; Milwaukee 1 - Cincinnati 0 |
BOTTOM OF THE 1ST |
Cincinnati Reds batting - Pitching for Milwaukee Brewers : RHP Mekonen Mahfudh
|
Pitching: RHP Mekonen Mahfudh
|
|
Batting: LHB Jon Ledesma
|
0-0: Swinging Strike 0-1: Foul Ball, location: 2F 0-2: Strikes out looking
|
Batting: LHB Sean Geisler
|
0-0: Ball 1-0: Swinging Strike 1-1: Called Strike 1-2: Foul Ball, location: 2F 1-2: Ball 2-2: Strikes out swinging
|
Batting: LHB Jake Bill
|
0-0: Ground out 6-3 (Groundball, 6, EV 86.9 MPH)
|
Bottom of the 1st over - 0 runs, 0 hits, 0 errors, 0 left on base; Milwaukee 1 - Cincinnati 0 |
TOP OF THE 2ND |
Milwaukee Brewers batting - Pitching for Cincinnati Reds : LHP Jeff Baker
|
Batting: SHB Jean-François Bernard
|
0-0: Called Strike 0-1: Called Strike 0-2: Foul Ball, location: 2F 0-2: Strikes out swinging
|
Batting: LHB Jeff Taylor
|
0-0: Foul Ball, location: 2F 0-1: Foul Ball, location: 2F 0-2: Ball 1-2: Strikes out swinging
|
Batting: RHB Jason Gee
|
0-0: Foul Ball, location: 2F 0-1: Swinging Strike 0-2: Foul Ball, location: 2F 0-2: Ball 1-2: Strikes out swinging
|
Top of the 2nd over - 0 runs, 0 hits, 0 errors, 0 left on base; Milwaukee 1 - Cincinnati 0 |
BOTTOM OF THE 2ND |
Cincinnati Reds batting - Pitching for Milwaukee Brewers : RHP Mekonen Mahfudh
|
Batting: LHB Shawn Morrison
|
0-0: Ball 1-0: Fly out, F8 (Flyball, 8LM, EV 86.9 MPH)
|
Batting: LHB Jesus Lozano
|
0-0: Ball 1-0: Called Strike 1-1: Ball 2-1: SINGLE (Groundball, 56D, EV 98.1 MPH)
|
Batting: RHB Fred Slade
|
0-0: Ball Jesus Lozano is caught stealing 2nd base 2-4 1-0: Ground out 6-3 (Groundball, 6, EV 105.6 MPH)
|
Bottom of the 2nd over - 0 runs, 1 hit, 0 errors, 0 left on base; Milwaukee 1 - Cincinnati 0 |
TOP OF THE 3RD |
Milwaukee Brewers batting - Pitching for Cincinnati Reds : LHP Jeff Baker
|
Batting: RHB Ben Campbell
|
0-0: SINGLE (Line Drive, 8RS, EV 91.2 MPH)
|
Batting: RHB Akitada Nishizawa
|
0-0: Ball 1-0: Called Strike 1-1: Foul Ball, location: 2F 1-2: Foul Ball, location: 2F 1-2: Strikes out looking
|
Batting: RHB Daniel Donovan
|
0-0: Ball 1-0: Called Strike 1-1: Ball 2-1: Foul Ball, location: 2F 2-2: Fielders Choice at 2nd, 1-6 (Groundball, 13, EV 66.2 MPH)
|
Batting: RHB Adriaan Pieters
|
0-0: Ball 1-0: Called Strike Daniel Donovan is caught stealing 2nd base 2-4
|
Top of the 3rd over - 0 runs, 1 hit, 0 errors, 0 left on base; Milwaukee 1 - Cincinnati 0 |
BOTTOM OF THE 3RD |
Cincinnati Reds batting - Pitching for Milwaukee Brewers : RHP Mekonen Mahfudh
|
Batting: SHB Dave Barefoot
|
0-0: Ball 1-0: Called Strike 1-1: Foul Ball, location: 2F 1-2: Ball 2-2: SINGLE (Flyball, 78M, EV 85.6 MPH)
|
Batting: RHB Omar Quintana
|
0-0: Called Strike Dave Barefoot steals 2nd base (no throw) 0-1: Called Strike 0-2: Foul Ball, location: 2F 0-2: Ball 1-2: Ball 2-2: Fly out, F8 (Line Drive, 8RD, EV 88.1 MPH)
|
Batting: LHB Satoru Handa
|
0-0: Ball 1-0: Called Strike Dave Barefoot steals 3rd base (no throw) 1-1: Called Strike 1-2: Ball 2-2: Ball 3-2: Ground out 4-3 (Groundball, 4, EV 88.8 MPH) Dave Barefoot scores
|
Batting: LHB Jon Ledesma
|
0-0: SOLO HOME RUN (Flyball, 8RXD, EV 104.4 MPH), Distance : 415 ft
|
Batting: LHB Sean Geisler
|
0-0: Ball 1-0: Foul Ball, location: 2F 1-1: Called Strike 1-2: Fly out, F8 (Flyball, 89S, EV 91.2 MPH)
|
Bottom of the 3rd over - 2 runs, 2 hits, 0 errors, 0 left on base; Milwaukee 1 - Cincinnati 2 |
TOP OF THE 4TH |
Milwaukee Brewers batting - Pitching for Cincinnati Reds : LHP Jeff Baker
|
Batting: RHB Adriaan Pieters
|
0-0: Fly out, F9 (Flyball, 9S, EV 80.0 MPH)
|
Batting: RHB Adrian Rudkilde
|
0-0: Fly out, F9 (Flyball, 9LS, EV 83.1 MPH)
|
Batting: RHB Yuichi Matsuoka
|
0-0: Ball 1-0: Called Strike 1-1: Ball 2-1: Foul Ball, location: 2F 2-2: Ball 3-2: Foul Ball, location: 2F 3-2: Ground out 6-3 (Groundball, 56, EV 86.2 MPH)
|
Top of the 4th over - 0 runs, 0 hits, 0 errors, 0 left on base; Milwaukee 1 - Cincinnati 2 |
BOTTOM OF THE 4TH |
Cincinnati Reds batting - Pitching for Milwaukee Brewers : RHP Mekonen Mahfudh
|
Batting: LHB Jake Bill
|
0-0: Called Strike 0-1: Swinging Strike 0-2: Ball 1-2: Strikes out swinging
|
Batting: LHB Shawn Morrison
|
0-0: Ball 1-0: Ball 2-0: Ball 3-0: Base on Balls
|
Batting: LHB Jesus Lozano
|
0-0: Ball 1-0: Ground out U3 (Groundball, 34S, EV 75.6 MPH) Shawn Morrison to second
|
Batting: RHB Fred Slade
|
0-0: Called Strike 0-1: Ground out 4-3 (Groundball, 4, EV 79.4 MPH)
|
Bottom of the 4th over - 0 runs, 0 hits, 0 errors, 1 left on base; Milwaukee 1 - Cincinnati 2 |
TOP OF THE 5TH |
Milwaukee Brewers batting - Pitching for Cincinnati Reds : LHP Jeff Baker
|
Batting: SHB Jean-François Bernard
|
0-0: Ball 1-0: Foul Ball, location: 2F 1-1: Ground out 6-3 (Groundball, 6, EV 81.9 MPH)
|
Batting: LHB Jeff Taylor
|
0-0: Ball 1-0: Called Strike 1-1: Swinging Strike 1-2: Ground out 6-3 (Groundball, 6, EV 102.5 MPH)
|
Batting: RHB Jason Gee
|
0-0: Swinging Strike 0-1: Ball 1-1: Called Strike 1-2: Foul Ball, location: 2F 1-2: Foul Ball, location: 2F 1-2: Ball 2-2: SOLO HOME RUN (Flyball, 7LD, EV 95.6 MPH), Distance : 350 ft
|
Batting: RHB Ben Campbell
|
0-0: Ball 1-0: Ball 2-0: Ball 3-0: Base on Balls
|
Batting: RHB Akitada Nishizawa
|
0-0: Called Strike 0-1: Ball 1-1: Ball 2-1: Fly out, F9 (Flyball, 9LM, EV 96.2 MPH)
|
Top of the 5th over - 1 run, 1 hit, 0 errors, 1 left on base; Milwaukee 2 - Cincinnati 2 |
BOTTOM OF THE 5TH |
Cincinnati Reds batting - Pitching for Milwaukee Brewers : RHP Mekonen Mahfudh
|
Batting: SHB Dave Barefoot
|
0-0: Swinging Strike 0-1: Ball 1-1: Ball 2-1: Foul Ball, location: 2F 2-2: Fly out, F9 (Flyball, 89M, EV 83.8 MPH)
|
Batting: RHB Omar Quintana
|
0-0: Fly out, F3 (Line Drive, 3, EV 73.1 MPH)
|
Batting: LHB Satoru Handa
|
0-0: Fly out, F7 (Line Drive, 7, EV 96.2 MPH)
|
Bottom of the 5th over - 0 runs, 0 hits, 0 errors, 0 left on base; Milwaukee 2 - Cincinnati 2 |
TOP OF THE 6TH |
Milwaukee Brewers batting - Pitching for Cincinnati Reds : LHP Jeff Baker
|
Batting: RHB Daniel Donovan
|
0-0: Foul Ball, location: 2F 0-1: Ball 1-1: Foul Ball, location: 2F 1-2: Foul Ball, location: 2F 1-2: Ball 2-2: Foul Ball, location: 2F 2-2: Fly out, F8 (Flyball, 8RM, EV 81.9 MPH)
|
Batting: RHB Adriaan Pieters
|
0-0: Ball 1-0: Ball 2-0: Ball 3-0: Called Strike 3-1: Foul Ball, location: 2F 3-2: Strikes out looking
|
Batting: RHB Adrian Rudkilde
|
0-0: Ball 1-0: SINGLE (Groundball, 6M, EV 102.5 MPH) (infield hit)
|
Batting: RHB Yuichi Matsuoka
|
0-0: Reached on error, E4 (Groundball, 34, EV 101.9 MPH) Adrian Rudkilde to second
|
Batting: SHB Jean-François Bernard
|
0-0: Ball 1-0: Called Strike 1-1: Foul Ball, location: 2F 1-2: Fly out, F8 (Line Drive, 8RM, EV 98.1 MPH)
|
Top of the 6th over - 0 runs, 1 hit, 1 error, 2 left on base; Milwaukee 2 - Cincinnati 2 |
BOTTOM OF THE 6TH |
Cincinnati Reds batting - Pitching for Milwaukee Brewers : RHP Mekonen Mahfudh
|
Batting: LHB Jon Ledesma
|
0-0: Ball 1-0: Ground out U3 (Groundball, 34S, EV 85.0 MPH)
|
Batting: LHB Sean Geisler
|
0-0: Ball 1-0: Ball 2-0: Called Strike 2-1: Swinging Strike 2-2: Strikes out swinging
|
Batting: LHB Jake Bill
|
0-0: Ball 1-0: Called Strike 1-1: Foul Ball, location: 2F 1-2: SINGLE (Groundball, 4D, EV 97.5 MPH)
|
Batting: LHB Shawn Morrison
|
0-0: Ball 1-0: Foul Ball, location: 2F 1-1: Swinging Strike 1-2: Ball 2-2: Ball 3-2: Base on Balls Jake Bill to second
|
Pinch Runner at 2nd Willie Cardamone:
|
|
Batting: LHB Jesus Lozano
|
0-0: Foul Ball, location: 2F 0-1: Foul Ball, location: 2F 0-2: Foul Ball, location: 2F 0-2: Foul Ball, location: 2F 0-2: Ball 1-2: Ball 2-2: Fly out, F8 (Flyball, 8RD, EV 100.6 MPH)
|
Bottom of the 6th over - 0 runs, 1 hit, 0 errors, 2 left on base; Milwaukee 2 - Cincinnati 2 |
TOP OF THE 7TH |
Milwaukee Brewers batting - Pitching for Cincinnati Reds : LHP Jeff Baker
|
Batting: LHB Jeff Taylor
|
0-0: Ball 1-0: Foul Ball, location: 2F 1-1: Ball 2-1: Ball 3-1: Foul Ball, location: 2F 3-2: Ground out 6-3 (Groundball, 6, EV 85.6 MPH)
|
Batting: RHB Jason Gee
|
0-0: Foul Ball, location: 2F 0-1: Ball 1-1: Foul Ball, location: 2F 1-2: Strikes out swinging
|
Batting: RHB Ben Campbell
|
0-0: Ball 1-0: Foul Ball, location: 2F 1-1: Called Strike 1-2: Strikes out swinging
|
Top of the 7th over - 0 runs, 0 hits, 0 errors, 0 left on base; Milwaukee 2 - Cincinnati 2 |
BOTTOM OF THE 7TH |
Cincinnati Reds batting - Pitching for Milwaukee Brewers : RHP Mekonen Mahfudh
|
Batting: RHB Fred Slade
|
0-0: Ball 1-0: Foul Ball, location: 2F 1-1: Ball 2-1: Swinging Strike 2-2: Strikes out swinging
|
Batting: SHB Dave Barefoot
|
0-0: Ground out 6-3 (Groundball, 6, EV 100.0 MPH)
|
Batting: RHB Omar Quintana
|
0-0: Ball 1-0: Fly out, F4 (Line Drive, 4, EV 71.2 MPH)
|
Bottom of the 7th over - 0 runs, 0 hits, 0 errors, 0 left on base; Milwaukee 2 - Cincinnati 2 |
TOP OF THE 8TH |
Milwaukee Brewers batting - Pitching for Cincinnati Reds : LHP Jeff Baker
|
Batting: RHB Akitada Nishizawa
|
0-0: Called Strike 0-1: Ball 1-1: Fly out, F7 (Flyball, 7D, EV 106.2 MPH)
|
Pitching: RHP Juan Barroso
|
|
Batting: RHB Daniel Donovan
|
0-0: Swinging Strike 0-1: Ball 1-1: Ball 2-1: Ball 3-1: Foul Ball, location: 2F 3-2: Strikes out swinging
|
Batting: RHB Adriaan Pieters
|
0-0: Foul Ball, location: 2F 0-1: Ball 1-1: Ball 2-1: Called Strike 2-2: SINGLE (Flyball, 6MD, EV 85.0 MPH)
|
Batting: RHB Adrian Rudkilde
|
0-0: Ball 1-0: Called Strike 1-1: Ball 2-1: Ball 3-1: Foul Ball, location: 2F 3-2: Fly out, F8 (Flyball, 89M, EV 66.2 MPH)
|
Top of the 8th over - 0 runs, 1 hit, 0 errors, 1 left on base; Milwaukee 2 - Cincinnati 2 |
BOTTOM OF THE 8TH |
Cincinnati Reds batting - Pitching for Milwaukee Brewers : RHP Mekonen Mahfudh
|
Batting: LHB Satoru Handa
|
0-0: SINGLE (Groundball, 34D, EV 99.4 MPH)
|
Batting: LHB Jon Ledesma
|
0-0: Ball Satoru Handa is caught stealing 2nd base 2-6 1-0: SINGLE (Groundball, 4D, EV 96.2 MPH)
|
Batting: LHB Sean Geisler
|
0-0: Called Strike Jon Ledesma steals 2nd base (no throw) 0-1: Ball 1-1: Intentional Walk
|
Batting: RHB Willie Cardamone
|
0-0: Grounds into double play, 5-4-3 (Groundball, 56S, EV 83.8 MPH)
|
Bottom of the 8th over - 0 runs, 2 hits, 0 errors, 1 left on base; Milwaukee 2 - Cincinnati 2 |
TOP OF THE 9TH |
Milwaukee Brewers batting - Pitching for Cincinnati Reds : RHP Juan Barroso
|
Pitching: LHP Paul Forbes
|
|
Batting: RHB Yuichi Matsuoka
|
0-0: Ball 1-0: Swinging Strike 1-1: Called Strike 1-2: Strikes out swinging
|
Pinch Hitting: RHB Bobby Muniz
|
0-0: Ball 1-0: Foul Ball, location: 2F 1-1: Foul Ball, location: 2F 1-2: Strikes out looking
|
Batting: RHB Kisho Ito
|
0-0: Ball 1-0: Called Strike 1-1: Ball 2-1: Foul Ball, location: 2F 2-2: Foul Ball, location: 2F 2-2: Strikes out looking
|
Top of the 9th over - 0 runs, 0 hits, 0 errors, 0 left on base; Milwaukee 2 - Cincinnati 2 |
BOTTOM OF THE 9TH |
Cincinnati Reds batting - Pitching for Milwaukee Brewers : RHP Mekonen Mahfudh
|
Now at 1B: Noah Stanley
|
|
Batting: LHB Shawn Morrison
|
0-0: Ground out 6-3 (Groundball, 6, EV 82.5 MPH)
|
Batting: LHB Jesus Lozano
|
0-0: SINGLE (Groundball, 4D, EV 111.2 MPH)
|
Batting: RHB Fred Slade
|
0-0: Ball Jesus Lozano is caught stealing 2nd base 2-4 1-0: Called Strike 1-1: Fly out, F8 (Line Drive, 8RM, EV 94.4 MPH)
|
Bottom of the 9th over - 0 runs, 1 hit, 0 errors, 0 left on base; Milwaukee 2 - Cincinnati 2 |
TOP OF THE 10TH |
Milwaukee Brewers batting - Pitching for Cincinnati Reds : LHP Paul Forbes
|
Batting: RHB Jason Gee
|
0-0: Ball 1-0: Ball 2-0: Ball 3-0: Called Strike 3-1: Base on Balls
|
Batting: RHB Ben Campbell
|
0-0: Ball 1-0: Ball 2-0: Ball 3-0: Base on Balls Jason Gee to second
|
Batting: RHB Akitada Nishizawa
|
0-0: Called Strike 0-1: Ball 1-1: Foul Ball, location: 2F 1-2: Strikes out looking
|
Batting: RHB Daniel Donovan
|
0-0: Ball Jason Gee steals 3rd base 1-0: Called Strike 1-1: Ball 2-1: Foul Ball, location: 2F 2-2: Strikes out swinging
|
Batting: RHB Adriaan Pieters
|
0-0: Foul Ball, location: 2F 0-1: Called Strike 0-2: Ball 1-2: Foul Ball, location: 2F 1-2: Ball 2-2: Foul Ball, location: 2F 2-2: Ball Wild Pitch! Jason Gee scores Ben Campbell to second 3-2: Base on Balls
|
Batting: RHB Adrian Rudkilde
|
0-0: Called Strike 0-1: Ball 1-1: Foul Ball, location: 2F 1-2: Ball Wild Pitch! Ben Campbell to third Adriaan Pieters to second 2-2: Strikes out swinging
|
Top of the 10th over - 1 run, 0 hits, 0 errors, 2 left on base; Milwaukee 3 - Cincinnati 2 |
BOTTOM OF THE 10TH |
Cincinnati Reds batting - Pitching for Milwaukee Brewers : RHP Mekonen Mahfudh
|
Pitching: RHP Max Blankenship
|
|
Batting: SHB Dave Barefoot
|
0-0: Ball 1-0: Foul Ball, location: 2F 1-1: Swinging Strike 1-2: Foul Ball, location: 2F 1-2: SINGLE (Line Drive, 4D, EV 94.4 MPH)
|
Pinch Hitting: LHB Randy Racine
|
0-0: Ball 1-0: Sac Bunt to P - play at first, batter OUT! 1-4 Dave Barefoot to second
|
Batting: LHB Satoru Handa
|
0-0: Ball 1-0: Foul Ball, location: 2F 1-1: Ball Wild Pitch! Dave Barefoot to third 2-1: Called Strike 2-2: Foul Ball, location: 2F 2-2: Foul Ball, location: 2F 2-2: DOUBLE (Line Drive, 7LM, EV 107.5 MPH) Dave Barefoot scores
|
Batting: LHB Jon Ledesma
|
0-0: Called Strike 0-1: Foul Ball, location: 2F 0-2: Ball 1-2: 2-RUN HOME RUN (Flyball, 9D, EV 94.4 MPH), Distance : 374 ft
|
Bottom of the 10th over - 3 runs, 3 hits, 0 errors, 0 left on base; Milwaukee 3 - Cincinnati 5 |
|
Game Over ... Cincinnati defeats Milwaukee, 5 to 3
|
|
|